 Dungeon Crawl Stone Soup version 0.25-a0-44-g29a1220a87 (webtiles) character file.

Game seed: 8255249819667603854, levelgen mode: deterministic

108231 Flugkiller the Lord of Darkness (level 16, -11/112 HPs)
             Began as an Octopode Necromancer on Oct 23, 2019.
             Was the Champion of Kikubaaqudgha.
             Killed from afar by Arachne (36 damage)
             ... with a bolt of poison
             ... on level 2 of the Spider Nest on Oct 24, 2019.
             The game lasted 01:37:23 (35534 turns).

Flugkiller the Lord of Darkness (OpNe)             Turns: 35534, Time: 01:37:24

Health: -11/112    AC:  4    Str:  9    XL:     16   Next: 49%
Magic:  15/30      EV: 23    Int: 21    God:    Kikubaaqudgha [******]
Gold:   2216       SH:  7    Dex: 14    Spells: 8/35 levels left

rFire    + . .     SeeInvis .   t - +1 spear (pain)
rCold    + . .     Gourm    .   L - +2 buckler {AC+3}
rNeg     + . .     Faith    .   (helmet restricted)
rPois    .         Spirit   .   u - amulet of the acrobat
rElec    .         Reflect  .   h - ring of protection from fire
rCorr    .         Harm     .   G - ring of positive energy
MR       +....                  Z - ring of protection from cold
Stlth    ++++......             (no ring)
HPRegen  0.28/turn              (no ring)
MPRegen  0.22/turn              (no ring)
                                (no ring)
                                (no ring)

@: lethally poisoned (-11 -> -25)
A: almost no armour, stealthy swim, amphibious, 8 rings, constrict 8, camouflage
1, mutation resistance 1, gelatinous body 1
a: Receive Corpses, Torment, Renounce Religion


You were on level 2 of the Spider Nest.
You worshipped Kikubaaqudgha.
Kikubaaqudgha was exalted by your worship.
You were near starving.

You visited 4 branches of the dungeon, and saw 25 of its levels.
You also visited: Gauntlet.

You collected 2544 gold pieces.
You spent 328 gold pieces at shops.

Inventory:

Hand Weapons
 b - the +9 hunting sling of Imminent Death {venom, rC+ MR+}
   (You found it on level 2 of the Lair of Beasts)

   It poisons the ammo it fires.
   It protects you from cold.
   It affects your resistance to hostile enchantments.
 t - a +1 spear of pain (weapon)
   (You took it off a gnoll sergeant on level 10 of the Dungeon)
 Y - the +5 battleaxe "Zucynid" {venom, Int+5}
   (You found it on level 4 of the Lair of Beasts)

   It poisons the flesh of those it strikes.
   It affects your intelligence (+5).
Missiles
 p - 798 stones (quivered)
 O - 5 throwing nets
Armour
 L - a +2 buckler of protection (worn)
   (You took it off a gnoll sergeant on level 10 of the Dungeon)
Jewellery
 a - the amulet of the Two Names {+Blink +Rage rElec MR++ Int-5}
   (You found it in a Gauntlet)

   [amulet of rage]

   It affects your intelligence (-5).
   It insulates you from electricity.
   It affects your resistance to hostile enchantments.
   It lets you blink.
   It lets you go berserk.
 g - an uncursed amulet of magic regeneration {unknown}
   (You found it on level 13 of the Dungeon)
 h - a ring of protection from fire (left tentacle)
   (You found it on level 1 of the Dungeon)
 i - an uncursed ring of ice
   (You found it on level 1 of the Lair of Beasts)
 u - an amulet of the acrobat (around mantle)
   (You found it on level 3 of the Dungeon)
 G - a ring of positive energy (right tentacle)
   (You found it on level 8 of the Dungeon)
 X - an uncursed amulet of rage
   (You found it on level 2 of the Lair of Beasts)
 Z - a ring of protection from cold (on tentacle)
   (You found it on level 5 of the Lair of Beasts)
Wands
 k - a wand of scattershot (5)
   (You found it on level 14 of the Dungeon)
 v - a wand of acid (15)
   (You found it on level 4 of the Dungeon)
 z - a wand of flame (74)
   (You took it off a gnoll on level 5 of the Dungeon)
 C - a wand of digging (9)
   (You found it on level 3 of the Lair of Beasts)
 F - a wand of paralysis (22)
   (You found it on level 5 of the Dungeon)
 K - a wand of enslavement (18)
   (You found it on level 6 of the Dungeon)
 Q - a wand of polymorph (10)
   (You found it on level 9 of the Dungeon)
 S - a wand of iceblast (25)
   (You found it on level 9 of the Dungeon)
Scrolls
 c - a scroll of acquirement {unknown}
 j - 11 scrolls of remove curse
 l - 6 scrolls of enchant weapon
 q - 8 scrolls of magic mapping
 s - 7 scrolls of teleportation
 w - a scroll of amnesia
 x - 2 scrolls of blinking
 y - a scroll of fear
 E - 4 scrolls of fog
 I - 8 scrolls of immolation
 J - a scroll of silence {unknown}
 R - a scroll of vulnerability
Potions
 e - a potion of cancellation
 f - 2 potions of resistance
 m - 6 potions of haste
 n - 2 potions of invisibility
 o - 3 potions of magic
 r - 7 potions of brilliance
 A - 2 potions of heal wounds
 D - 3 potions of mutation
 H - 6 potions of lignification
 N - 2 potions of berserk rage
 P - 4 potions of might
 U - 3 potions of ambrosia
 V - 7 potions of curing
 W - a potion of agility
Miscellaneous
 T - a phial of floods (inert)
   (You found it on level 2 of the Lair of Beasts)
Comestibles
 d - 37 rations


   Skills:
 - Level 11.0 Fighting
 + Level 9.9 Polearms
 - Level 15.0 Dodging
 - Level 5.0 Stealth
 - Level 4.0 Shields
 - Level 10.0 Spellcasting
 - Level 15.0 Necromancy
 - Level 5.4 Earth Magic
 - Level 5.0 Evocations


You had 8 spell levels left.
You knew the following spells:

 Your Spells              Type           Power        Failure   Level  Hunger
a - Pain                  Necr           ####         0%          1    None
b - Animate Skeleton      Necr           N/A          0%          1    None
c - Vampiric Draining     Necr           ######....   1%          3    None
d - Animate Dead          Necr           N/A          1%          4    ##.....
e - Borgnjor's Vile Clut  Necr/Erth      ######....   2%          5    ####...
f - Agony                 Necr           ######..     1%          5    ####...
g - Dispel Undead         Necr           ######..     1%          5    ####...
w - Regeneration          Chrm/Necr      #####.....   1%          3    None

Your spell library contained the following spells:

 Spells                   Type           Power        Failure   Level  Hunger
 Sublimation of Blood     Necr           ######....   1%          2    None
 Death Channel            Necr           ######....   1%          6    ######.
 Corona                   Hex            ##.....      6%          1    None
 Infusion                 Chrm           ##..         6%          1    None
 Magic Dart               Conj           ##..         6%          1    None
 Shock                    Conj/Air       ##..         6%          1    None
 Shroud of Golubria       Chrm/Tloc      ##....       10%         2    None
 Slow                     Hex            ##......     10%         2    None
 Song of Slaying          Chrm           ##......     10%         2    None
 Swiftness                Chrm/Air       ##......     10%         2    None
 Inner Flame              Hex/Fire       ##......     19%         3    None
 Portal Projectile        Hex/Tloc       ##....       19%         3    None
 Spectral Weapon          Hex/Chrm       ##......     19%         3    None
 Static Discharge         Conj/Air       ##......     19%         3    None
 Leda's Liquefaction      Hex/Erth       ###.......   22%         4    ##.....
 Simulacrum               Ice/Necr       #####.....   41%         6    ######.
 Airstrike                Air            ##........   54%         4    ##.....
 Cause Fear               Hex            ##........   54%         4    ##.....
 Summon Lightning Spire   Summ/Air       ##......     54%         4    ##.....
 Bolt of Magma            Conj/Fire/Erth ###.......   65%         5    ####...
 Borgnjor's Revivificati  Necr           ######....   65%         8    #######
 Infestation              Necr           ######....   65%         8    #######
 Iskenderun's Battlesphe  Conj/Chrm      ##......     87%         5    ####...
 Lightning Bolt           Conj/Air       ##........   87%         5    ####...
 Silence                  Hex/Air        ##........   87%         5    ####...
 Venom Bolt               Conj/Pois      ##........   87%         5    ####...
 Haunt                    Necr/Summ      #####.....   94%         7    #######
 Iron Shot                Conj/Erth      ###.......   97%         6    ######.
 Statue Form              Tmut/Erth      ###......    97%         6    ######.
 Conjure Ball Lightning   Conj/Air       ##........   100%        6    ######.
 Deflect Missiles         Chrm/Air       ##........   100%        6    ######.
 Orb of Destruction       Conj           ##........   100%        7    #######
 Spellforged Servitor     Conj/Summ      ##........   100%        7    #######
 Death's Door             Chrm/Necr      #####.....   100%        8    #######
 Disjunction              Tloc           ##........   100%        8    #######
 Necromutation            Tmut/Necr      #####.....   100%        8    #######
 Shatter                  Erth           ####......   100%        9    #######
 Tornado                  Air            ##........   100%        9    #######


Dungeon Overview and Level Annotations

Branches:
Dungeon (15/15)            Temple (0/1) D:5            Lair (6/6) D:8
 Shoals (0/4) Lair:2       Spider (2/4) Lair:2        Slime (0/5) Lair:6
    Orc (2/2) D:11            Elf (0/3) Orc:2        Vaults (0/5) D:14
 Depths (0/5) D:15        Gauntlet (visited)

Altars:
Dithmenos
Kikubaaqudgha
Makhleb
Sif Muna
Uskayaw
Vehumet
Xom
Yredelemnul
The Shining One
Beogh
Jiyva

Shops:
D:9 [   D:13 [[?}   Orc:2 *[(:

Portals:
Trove: D:15 (give +5 demon trident)

Annotations:
D:9 Harold
Lair:1 2 runed translucent doors, Wendigo's ghost, journeyman FoHu
Spider:1 Roxanne
Spider:2 Aizul; Arachne


Innate Abilities, Weirdness & Mutations

You cannot wear most types of armour.
You are very stealthy in the water. (Stealth+)
You are amphibious.
You can wear up to eight rings at the same time.
You can use your tentacles to constrict eight enemies at once.
Your skin changes colour to match your surroundings (Stealth+).
Your rubbery body absorbs attacks. (AC +1, EV +1)
You are somewhat resistant to further mutation.


Message History

Your skin is crawling a little less now.
Your skin stops crawling.
You are feeling very hungry.
You see here a redback corpse.
Okay, then.
HP restored.
Arachne the Weaver comes into view.
She is wielding a staff of poison.
Casting: Regeneration (safe; 1% risk of failure)
Confirm with . or Enter, or press ? or * to list all spells.
Aiming: Agony (safe; 1% risk of failure)
Press: ? - help, Shift-Dir - straight line, f - Arachne
Aim: Arachne, wielding a staff of poison (hasn't noticed you, chance to defeat MR: 89%) Arachne shouts!
Arachne convulses!
Casting: Agony (safe; 1% risk of failure)
Confirm with . or Enter, or press ? or * to list all spells.
Aiming: Agony (safe; 1% risk of failure)
Press: ? - help, Shift-Dir - straight line, f/p - Arachne
Aim: Arachne, wielding a staff of poison (heavily wounded, chance to defeat MR: 89%) Arachne convulses!
Arachne stares at you and mumbles some strange words.
The poison arrow hits you!!
You are poisoned.
You feel very sick.
You start resting.
You feel sick. x3
Arachne stares at you and mumbles some strange words.
The bolt of poison misses you.
Casting: Agony (safe; 1% risk of failure)
Confirm with . or Enter, or press ? or * to list all spells.
Aiming: Borgnjor's Vile Clutch (safe; 2% risk of failure)
Press: ? - help, Dir - move target cursor, f/p - Arachne
Aim: Arachne, wielding a staff of poison (severely wounded) Decaying hands burst forth from the earth!
Zombie hands grab Arachne.
You are near starving!
The zombie hands constrict Arachne!
You feel sick.
Arachne stares at you and mumbles some strange words.
The poison arrow hits you!!!
You are more poisoned.
Ouch! That really hurt!
* * * LOW HITPOINT WARNING * * *
Unknown command.
You feel better.
The zombie hands constrict Arachne!
Arachne struggles to escape constriction.
Arachne says, "No one escapes my webs."
Arachne stares at you and mumbles some strange words.
The bolt of poison hits you!!!
You are poisoned.
You die...
Kikubaaqudgha rasps: "You have failed me!
Welcome... death!"

####........####..#.....###...#
...###.......#.######...#....##
....#.........^..###..<.#....#
....##..†...H...###.....#...##
†...#.^.†.......<.##...##...#
....##.##........H.....#...>#
.....###....##............###
.....#......#####.........##
.............# #@......(...#
### ......s...#^##
#.(...(....^####..
.....^....###
#......#..<##.#... ..........#
#......#......†... .##.......#
#..^....##......... ##........#
#.......###......≈≈ #........#
#.........##........
...#....^##
#.....≈≈..#......#.. ...#≈.####
#.#≈.≈≈..#.#...####


You could see Arachne.

Vanquished Creatures
  Rupert (D:15)
  An emperor scorpion (Spider:1)
  An orc warlord (Orc:2)
  A stone giant (D:12)
  Nessos (Lair:5)
  A minotaur (Gauntlet)
  An ettin (D:15)
  Fannar (D:11)
  7 hydras
  A vault guard (D:14)
  3 centaur warriors
  2 catoblepae (Lair:6)
  10 two-headed ogres
  2 ogre magi (D:15)
  17 death yaks
  A tengu warrior (D:14)
  An orc high priest (Orc:2)
  Urug (D:11)
  A skeletal warrior (D:10)
  An unseen horror (D:15)
  3 wizards (D:14)
  A lindwurm (Lair:6)
  2 phantasmal warriors (D:11)
  3 orc knights
  2 orb spiders
  A necromancer (D:14)
  8 ugly things
  5 wolf spiders (Spider:1)
  4 orc sorcerers
  A manticore (D:14)
  3 cyclopes
  3 oklob plants
  A black mamba (Lair:6)
  5 elephants
  Maurice (Orc:2)
  2 moths of wrath
  2 merfolk sirens (Lair:2)
  A torpor snail (Lair:6)
  A water nymph (shapeshifter) (D:15)
  A gargoyle (D:12)
  2 centaur skeletons
  11 spiny frogs
  6 rime drakes
  2 rime drakes (shapeshifter)
  5 komodo dragons
  2 demonic crawlers (Spider:2)
  A freezing wraith (D:11)
  A tengu conjurer (D:14)
  3 meliai (Spider:1)
  A merfolk (Lair:2)
  A polar bear (Lair:6)
  12 tyrant leeches
  7 trolls
  4 jumping spiders
  2 queen bees
  A blink frog (Lair:1)
  5 hippogriffs
  A meliai zombie (D:14)
  A vampire (D:12)
  A large abomination (Gauntlet)
  19 redbacks
  2 wyverns
  9 yaks
  7 tarantellas
  16 humans (D:14)
  5 basilisks
  Grum (D:11)
  2 hungry ghosts
  Menkaure (D:7)
  6 wargs
  6 vampire mosquitoes
  7 swamp worms
  7 porcupines
  8 water moccasins
  Duvessa (D:4)
  A sky beast (D:10)
  28 orc warriors
  A meliai simulacrum (D:14)
  2 ice beasts
  2 black bears
  An eye of draining (D:13)
  2 phantoms
  5 boggarts (D:15)
  4 centaurs
  7 wolves
  2 necrophages
  16 ogres
  9 crocodiles
  4 big kobolds
  9 small abominations (Gauntlet)
  7 bullfrogs
  A gnoll sergeant (D:10)
  Dowan (D:4)
  6 scorpions
  32 killer bees
  5 wights (D:12)
  3 electric eels
  3 centaur zombies
  2 howler monkeys
  A jelly (D:7)
  2 bullfrog zombies
  7 crimson imps
  5 hounds
  14 orc priests
  30 orc wizards
  A bullfrog skeleton (D:12)
  Terence (D:2)
  3 iguanas
  8 worker ants
  A worker ant zombie (D:10)
  6 adders
  9 gnolls
  A shadow imp (D:12)
  An ooze (D:3)
  An adder skeleton (D:6)
  3 worms
  7 leopard geckos
  99 orcs
  A ball python (D:3)
  7 bats
  5 giant cockroaches
  7 goblins
  6 hobgoblins
  4 jackals (D:1)
  4 quokkas
  3 frilled lizards
  A jackal skeleton (D:4)
  22 kobolds
  2 leopard gecko zombies (D:5)
  A quokka skeleton (D:5)
  A quokka zombie (D:3)
  2 rats
  6 fungi
  8 plants
704 creatures vanquished.

Vanquished Creatures (collateral kills)
  A vault guard (D:14)
  A hydra (Lair:4)
  A death knight (D:10)
  4 death yaks (Lair:6)
  A deep troll shaman (Lair:6)
  A wizard (D:14)
  3 wolf spiders (Spider:1)
  5 elephants (Lair:6)
  A centaur zombie (D:14)
  A black mamba (Lair:1)
  3 spiny frogs
  A centaur skeleton (D:15)
  A rime drake (Lair:1)
  A merfolk (Lair:2)
  A jumping spider (Spider:1)
  A tyrant leech (Lair:6)
  2 blink frogs (Lair:1)
  6 slime creatures (D:14)
  2 hippogriffs
  4 redbacks (Spider:1)
  7 yaks
  2 humans (D:14)
  A hungry ghost (D:15)
  A basilisk (Lair:6)
  3 wargs
  4 water moccasins
  An acid dragon (D:14)
  A porcupine (Lair:1)
  A sky beast (D:15)
  A phantom (D:10)
  An ogre (D:8)
  A wolf (Lair:6)
  5 crocodiles
  3 bullfrogs
  16 killer bees
  A howler monkey (D:10)
  3 orc priests
  A bullfrog zombie (D:12)
  4 orc wizards
  A worker ant (D:8)
  3 gnolls (D:10)
  An adder skeleton (D:6)
  11 orcs
  2 goblins (D:3)
  A quokka (D:3)
  2 fungi
119 creatures vanquished.

Vanquished Creatures (others)
  14 fungi
  27 plants
41 creatures vanquished.

Grand Total: 864 creatures vanquished

Notes
Turn   | Place    | Note
-------+----------+-------------------------------------------
     0 | D:1      | Flugkiller the Octopode Necromancer began the quest for the
                  | Orb.
     0 | D:1      | Reached XP level 1. HP: 11/11 MP: 3/3
   170 | D:1      | Learned a level 1 spell: Animate Skeleton
   252 | D:1      | Reached skill level 1 in Fighting
   343 | D:1      | Reached XP level 2. HP: 18/18 MP: 5/5
   721 | D:2      | Reached XP level 3. HP: 18/24 MP: 6/6
   731 | D:2      | Learned a level 3 spell: Vampiric Draining
   825 | D:2      | Found a basalt altar of Yredelemnul.
   826 | D:2      | Found a hide-covered altar of Uskayaw.
   828 | D:2      | Found a shimmering altar of Xom.
   881 | D:2      | Noticed Terence
   909 | D:2      | Killed Terence
  1329 | D:3      | Reached XP level 4. HP: 29/29 MP: 7/7
  1365 | D:3      | Reached skill level 5 in Stealth
  1449 | D:4      | Found a shadowy altar of Dithmenos.
  1759 | D:4      | Found an ancient bone altar of Kikubaaqudgha.
  1759 | D:4      | Found a shimmering blue altar of Sif Muna.
  1761 | D:4      | Found a radiant altar of Vehumet.
  1771 | D:4      | Identified Vehumet's Almanac of Attacks
  1782 | D:4      | Became a worshipper of Kikubaaqudgha
  2056 | D:3      | Reached XP level 5. HP: 34/34 MP: 7/9
  3061 | D:4      | Reached skill level 5 in Necromancy
  3072 | D:4      | Noticed Duvessa
  3074 | D:4      | Noticed Dowan
  3120 | D:4      | Killed Duvessa
  3120 | D:4      | Reached XP level 6. HP: 30/39 MP: 10/10
  3205 | D:4      | Killed Dowan
  3312 | D:4      | Reached * piety under Kikubaaqudgha
  3312 | D:4      | Identified Kikubaaqudgha's Reference Book on Unholy Rituals
                  | (Kikubaaqudgha gifted it to you on level 4 of the Dungeon)
  3312 | D:4      | Received a gift from Kikubaaqudgha
  3454 | D:4      | Identified Sif Muna's Disquisition on Displaced Evil
  3633 | D:4      | Reached XP level 7. HP: 40/45 MP: 9/11
  3817 | D:4      | Reached skill level 5 in Evocations
  3993 | D:5      | Entered Level 5 of the Dungeon
  3995 | D:5      | Found a staircase to the Ecumenical Temple.
  4427 | D:5      | Reached ** piety under Kikubaaqudgha
  5108 | D:5      | Reached XP level 8. HP: 54/54 MP: 12/12
  6116 | D:5      | Reached skill level 5 in Fighting
  6116 | D:5      | Reached skill level 5 in Dodging
  6723 | D:7      | Found a burning altar of Makhleb.
  6921 | D:7      | Reached XP level 9. HP: 37/60 MP: 11/14
  7392 | D:7      | Learned a level 3 spell: Regeneration
  7397 | D:7      | Learned a level 4 spell: Animate Dead
  7931 | D:7      | Noticed Menkaure
  8076 | D:7      | Killed Menkaure
  8974 | D:8      | Reached skill level 5 in Spellcasting
  9121 | D:8      | Noticed a queen bee
  9140 | D:8      | Killed a queen bee
  9140 | D:8      | Reached *** piety under Kikubaaqudgha
  9140 | D:8      | Identified Kikubaaqudgha's Disquisition on Black Secrets
                  | (Kikubaaqudgha gifted it to you on level 8 of the Dungeon)
  9140 | D:8      | Received a gift from Kikubaaqudgha
  9841 | D:8      | Found a staircase to the Lair.
 10456 | D:9      | Noticed a centaur warrior
 10462 | D:9      | Killed a centaur warrior
 10462 | D:9      | Reached XP level 10. HP: 53/66 MP: 19/19
 10637 | D:8      | Learned a level 5 spell: Borgnjor's Vile Clutch
 10698 | D:9      | Found Puosodal's Armour Shoppe.
 10886 | D:9      | Reached skill level 1 in Earth Magic
 10998 | D:9      | Noticed Harold
 11363 | D:9      | Noticed a six-headed hydra
 11385 | D:9      | Killed a six-headed hydra
 11731 | Lair:1   | Entered Level 1 of the Lair of Beasts
 11907 | Lair:1   | Found a large runed translucent door.
 11907 | Lair:1   | Found a large runed translucent door.
 11908 | Lair:1   | Noticed Wendigo's ghost (journeyman FoHu)
 11944 | Lair:1   | Reached skill level 10 in Necromancy
 12085 | Lair:1   | Noticed a black mamba
 12213 | Lair:1   | Noticed a spiny frog
 12226 | Lair:1   | Killed a spiny frog
 12342 | Lair:1   | Noticed a five-headed hydra
 12366 | Lair:1   | Killed a five-headed hydra
 12366 | Lair:1   | Reached skill level 5 in Earth Magic
 12366 | Lair:1   | Reached XP level 11. HP: 66/71 MP: 20/23
 12373 | Lair:1   | Learned a level 5 spell: Agony
 13218 | Lair:2   | Noticed an eight-headed hydra
 13224 | Lair:2   | Killed an eight-headed hydra
 13460 | Lair:2   | Reached **** piety under Kikubaaqudgha
 13629 | Lair:2   | Got a jewelled hunting sling
 13630 | Lair:2   | Identified the +9 hunting sling of Imminent Death {venom,
                  | rC+ MR+} (You found it on level 2 of the Lair of Beasts)
 13822 | Lair:2   | Found a staircase to the Shoals.
 13858 | Lair:2   | Found a hole to the Spider Nest.
 15615 | Lair:4   | Reached XP level 12. HP: 70/77 MP: 13/24
 16341 | Lair:4   | Noticed a six-headed hydra
 16359 | Lair:4   | Killed a six-headed hydra
 16629 | Lair:4   | Got an iridescent battleaxe
 16634 | Lair:4   | Noticed a four-headed hydra
 16643 | Lair:4   | Killed a four-headed hydra
 16643 | Lair:4   | Reached skill level 10 in Dodging
 16869 | Lair:4   | Identified the +5 battleaxe "Zucynid" {venom, Int+5} (You
                  | found it on level 4 of the Lair of Beasts)
 16893 | Lair:5   | Noticed a death yak
 16894 | Lair:5   | Noticed a death yak
 16895 | Lair:5   | Noticed a death yak
 16897 | Lair:5   | Noticed a death yak
 16899 | Lair:5   | Noticed a death yak
 16921 | Lair:4   | Killed a death yak
 17305 | Lair:5   | Noticed Nessos
 17420 | Lair:5   | Noticed a death yak
 17470 | Lair:5   | Killed a death yak
 17471 | Lair:5   | Killed a death yak
 17491 | Lair:5   | Killed a death yak
 17706 | Lair:5   | Noticed a death yak
 17708 | Lair:5   | Noticed a death yak
 17732 | Lair:5   | Killed a death yak
 17784 | Lair:5   | Noticed a death yak
 17799 | Lair:5   | Noticed a death yak
 17800 | Lair:5   | Killed a death yak
 18165 | Lair:5   | Killed a death yak
 18165 | Lair:5   | Reached ***** piety under Kikubaaqudgha
 18165 | Lair:5   | Reached XP level 13. HP: 83/83 MP: 9/26
 18554 | Lair:5   | Killed Nessos
 18802 | Lair:6   | Entered Level 6 of the Lair of Beasts
 18987 | Lair:6   | Found a viscous altar of Jiyva.
 18989 | Lair:6   | Found a staircase to the Slime Pits.
 19275 | Lair:5   | Reached skill level 10 in Spellcasting
 19561 | Lair:6   | HP: 2/83 [black mamba (7)]
 21926 | Lair:6   | Reached XP level 14. HP: 89/94 MP: 28/28
 22996 | Lair:6   | Got a scorched iron ring
 23011 | Lair:6   | Identified the ring of the Hidden Mice {*Tele Int+3} (You
                  | found it on level 6 of the Lair of Beasts)
 23237 | D:10     | Entered Level 10 of the Dungeon
 24244 | D:11     | Learned a level 5 spell: Dispel Undead
 24931 | D:11     | Found a staircase to the Orcish Mines.
 24931 | D:11     | Noticed Urug
 25243 | D:11     | Killed Urug
 25353 | D:11     | Noticed Fannar
 25385 | D:11     | Killed Fannar
 25532 | D:11     | Reached skill level 15 in Necromancy
 25564 | D:11     | Noticed Grum
 25582 | D:11     | Killed Grum
 25639 | D:11     | Found a glowing golden altar of the Shining One.
 26537 | D:12     | Gained mutation: Your spells are a little harder to cast,
                  | but a little more powerful. [potion of mutation]
 26537 | D:12     | Gained mutation: You are somewhat resistant to further
                  | mutation. [potion of mutation]
 26537 | D:12     | Gained mutation: You are frail. (-10% HP) [potion of
                  | mutation]
 26538 | D:12     | Lost mutation: Your spells are a little harder to cast, but
                  | a little more powerful. [potion of mutation]
 26538 | D:12     | Lost mutation: You are frail. (-10% HP) [potion of
                  | mutation]
 26655 | D:12     | Reached ****** piety under Kikubaaqudgha
 26982 | D:12     | Noticed a stone giant
 26994 | D:12     | Killed a stone giant
 27343 | D:10     | Received a gift from Kikubaaqudgha
 27490 | D:13     | Found Geacs's Gadget Boutique.
 27496 | D:13     | Found a gate leading to a gauntlet.
 27505 | Gauntlet | Entered a Gauntlet
 27505 | Gauntlet | Found a transporter.
 27505 | Gauntlet | Found a transporter.
 27505 | Gauntlet | Found a transporter.
 27506 | Gauntlet | Found a transporter.
 27507 | Gauntlet | Found a transporter.
 27510 | Gauntlet | Found a transporter.
 27516 | Gauntlet | Found a transporter.
 27518 | Gauntlet | Found a transporter.
 27519 | Gauntlet | Found a transporter.
 27522 | Gauntlet | Found a transporter.
 27529 | Gauntlet | Found a transporter.
 27530 | Gauntlet | Found a transporter.
 27825 | Gauntlet | Reached skill level 1 in Shields
 27832 | Gauntlet | Reached skill level 1 in Polearms
 27838 | Gauntlet | Got a scintillating silver amulet
 27957 | Gauntlet | Got a warped gossamer ring
 28062 | Gauntlet | Identified the +11 great mace of Invincibility {holy, rPois
                  | rN++ Str+4 Stlth-}
 28093 | Gauntlet | Identified the ring "Oqeczu Wyed" {rC+ MR+ MP+9 Int-5} (You
                  | found it in a Gauntlet)
 28095 | Gauntlet | Identified the amulet of the Two Names {+Blink +Rage rElec
                  | MR++ Int-5} (You found it in a Gauntlet)
 28217 | D:13     | Found Miqopno's Magic Scroll Shop.
 28223 | D:13     | Bought a scroll of blinking for 120 gold pieces
 28223 | D:13     | Bought a scroll of teleportation for 48 gold pieces
 28223 | D:13     | Bought a scroll of fog for 32 gold pieces
 28223 | D:13     | Bought 3 scrolls of identify for 96 gold pieces
 28226 | D:13     | Bought a scroll of identify for 32 gold pieces
 28273 | D:13     | Found Jijet's Antique Armour Emporium.
 28289 | D:13     | Found Wecwircho's Armour Boutique.
 29200 | D:14     | Reached XP level 15. HP: 77/100 MP: 23/29
 29437 | D:14     | Found a hide-covered altar of Uskayaw.
 29781 | D:14     | Found a gate to the Vaults.
 30430 | D:15     | Entered Level 15 of the Dungeon
 30434 | D:15     | Found a portal to a secret trove of treasure.
 30699 | D:15     | Reached skill level 10 in Fighting
 30880 | D:15     | Reached skill level 5 in Polearms
 30981 | D:15     | Noticed Rupert
 30995 | D:15     | Killed Rupert
 31451 | D:15     | Found a staircase to the Depths.
 31777 | Orc:1    | Entered Level 1 of the Orcish Mines
 32294 | Orc:2    | Entered Level 2 of the Orcish Mines
 32317 | Orc:2    | Noticed Maurice
 32321 | Orc:2    | Killed Maurice
 32571 | Orc:2    | Reached XP level 16. HP: 83/110 MP: 24/30
 32761 | Orc:2    | Found a roughly hewn altar of Beogh.
 33186 | Orc:2    | Found a staircase to the Elven Halls.
 33241 | Orc:2    | Found a roughly hewn altar of Beogh.
 33258 | Orc:2    | Found Mutiq's Book Emporium.
 33455 | Orc:2    | Found a roughly hewn altar of Beogh.
 33618 | Orc:2    | Found a roughly hewn altar of Beogh.
 33619 | Orc:2    | Found Ween's General Store.
 33751 | Orc:2    | Found Xolleth's Antique Weapon Emporium.
 33751 | Orc:2    | Found a roughly hewn altar of Beogh.
 33752 | Orc:2    | Found Cugitoaf's Antique Armour Shoppe.
 33988 | Spider:1 | Entered Level 1 of the Spider Nest
 34001 | Spider:1 | Reached skill level 15 in Dodging
 34374 | Spider:1 | Identified Roxanne's Compendium of Changing
 34374 | Spider:1 | Noticed Roxanne
 35334 | Spider:2 | Noticed Aizul
 35526 | Spider:2 | Noticed Arachne
 35534 | Spider:2 | Killed from afar by Arachne

Levels and vault maps discovered:
D:1:      minmay_arrival_glassed_features, layout_basic
D:2:      layout_basic, chequers_temple_overflow_statue_of_worship, uniq_terence
D:3:      minmay_inner_zag, layout_basic, nrook_mini_backslash
D:4:      layout_gridville, grunt_temple_overflow_magic_moments, first_ration,
          minivault_11, nicolae_dithmenos_through_a_glass_darkly, uniq_duvessa
D:5:      layout_rooms, minmay_temple_entry_large_hall
D:6:      minmay_diamond_boxcup, layout_basic, minivault_5, kennysheep_boxes
D:7:      layout_basic, minmay_misc_feat_more_columns, bloody_makhleb,
          uniq_menkaure
D:8:      layout_layer_cave, dpeg_oklobed_lair, david_nohive_1
D:9:      layout_long_grid, serial_shops, shop_fountains, uniq_harold
D:10:     layout_basic
D:11:     layout_basic, erik_orc_4, chequers_serial_rivers_room_a,
          lemuel_oklob_altar, uniq_fannar, uniq_grum, uniq_urug
D:12:     kennysheep_scales, layout_cave_pools
D:13:     layout_stronghold, gauntlet_entry_generic, serial_shops,
          nicolae_shop_statue_plus, nicolae_shop_overgrown_old_shop, shop,
          shop_fountains
D:14:     layout_gridville, grunt_vaults_entry_tiered, lemuel_tele_altar
D:15:     hangedman_depths_entry_civil_slaughter, layout_loops_ring,
          hangedman_abyss_or_decor_lesser_grid, nicolae_trove_entry_crossroad,
          uniq_rupert
Lair:1:   layout_cave_pods, ebering_ghost_disaster_area, grunt_megastairs_5
Lair:2:   layout_chaotic_city, elwin_shoals_entry_stream, spider_nest_entry_webs
Lair:3:   layout_gridlike
Lair:4:   layout_roguey, minmay_lair_drake_nest, minmay_lair_oklob_chamber,
          serial_bayou_shore_b
Lair:5:   layout_regular_city, ldierk_geyser, uniq_nessos
Lair:6:   grunt_lair_end_beastmaster, layout_misc_corridors, slime_altar_1,
          worms_lemuel
Spider:1: layout_spider_delve, special_room [special_room_bee], drop_trap,
          uniq_roxanne
Spider:2: layout_spider_delve, drop_trap, uniq_aizul, uniq_arachne
Orc:1:    layout_diamond_mine, nicolae_orc_tapped_out
Orc:2:    grunt_orc_community_town_hall, layout_diamond_mine,
          grunt_orc_community_big_house_1, grunt_orc_community_big_house_2,
          grunt_orc_community_house_2, grunt_orc_community_house_2,
          grunt_orc_community_house_1, grunt_orc_community_house_3,
          grunt_orc_community_house_3, special_room, uniq_maurice

Skill      XL: |  1  2  3  4  5  6  7  8  9 10 11 12 13 14 15 16 |
---------------+-------------------------------------------------+-----
Fighting       | 1 2 3 5 6 8 9 10 11 | 11.0
Stealth        | 3 4 5 |  5.0
Spellcasting   | 3 6 8 9 10 | 10.0
Necromancy     | 5 9 10 12 14 15 | 15.0
Evocations     | 2 4 5 |  5.0
Dodging        | 3 6 8 11 13 14 15 | 15.0
Earth Magic    | 5 |  5.4
Shields        | 2 4 |  4.0
Polearms       | 2 6 9 |  9.9

Action                   |  1- 3 |  4- 6 |  7- 9 | 10-12 | 13-15 | 16-18 || total
-------------------------+-------+-------+-------+-------+-------+-------++-------
Melee: Dagger            |    46 |    89 |   263 |   184 |       |       ||   582
       Constrict         |    13 |    17 |    65 |    25 |    89 |    40 ||   249
       Tentacles         |    12 |    13 |    58 |    33 |    90 |    44 ||   250
       Unarmed           |     2 |       |       |       |       |       ||     2
       Battleaxe         |       |       |       |    25 |   258 |       ||   283
       Spear             |       |       |       |       |   391 |   327 ||   718
 Fire: Hunting sling     |     4 |    12 |       |    14 |       |       ||    30
Throw: Dart              |       |       |       |     1 |       |       ||     1
       Stone             |       |       |       |       |     1 |       ||     1
 Cast: Animate Skeleton  |     8 |    14 |    17 |    27 |    44 |     7 ||   117
       Vampiric Draining |       |     7 |    22 |     9 |     6 |       ||    44
       Pain              |       |     6 |    23 |    39 |       |     1 ||    69
       Regeneration      |       |       |     6 |    31 |    35 |    14 ||    86
       Animate Dead      |       |       |     6 |    18 |    29 |     8 ||    61
       Borgnjor's Vile C |       |       |       |    38 |   155 |    38 ||   231
       Agony             |       |       |       |    62 |    84 |    13 ||   159
       Dispel Undead     |       |       |       |       |    12 |       ||    12
Invok: Receive Corpses   |       |       |     2 |     2 |     5 |       ||     9
       Receive Necronomi |       |       |       |       |     1 |       ||     1
Evoke: Wand              |       |       |     5 |     8 |    14 |       ||    27
       Phial of floods   |       |       |       |       |     1 |     1 ||     2
  Use: Scroll            |     5 |     1 |     8 |     7 |    17 |     2 ||    40
       Potion            |     1 |       |     2 |     3 |     6 |     2 ||    14
 Stab: Sleeping          |     7 |    13 |    10 |     4 |    21 |    16 ||    71
       Distracted        |       |     1 |       |       |     9 |     2 ||    12
       Paralysed         |       |       |     2 |     1 |       |       ||     3
  Eat: Chunk             |     1 |     5 |    15 |    25 |    64 |    12 ||   122
       Ration            |       |     1 |     4 |     8 |     9 |     2 ||    24
Armor: Skin              |     7 |     7 |     9 |     6 |    18 |     9 ||    56
Dodge: Dodged            |    32 |    58 |   210 |   233 |   749 |   168 ||  1450
Block: Buckler           |       |       |       |       |    98 |    75 ||   173

Table legend:
 A = Non-vault XP
 B = Vault XP
 C = Vault XP percentage of total XP
 D = Non-vault monster count
 E = Vault monster count
 F = Vault count percentage of total count
                 A         B        C        D         E       F
            +---------+---------+-------+---------+---------+-------
      Total |   98446 |   56171 |  36.3 |     554 |     253 |  31.4
            +---------+---------+-------+---------+---------+-------
        D:1 |      22 |       0 |   0.0 |      12 |       0 |   0.0
        D:2 |      21 |      36 |  63.2 |      11 |       1 |   8.3
        D:3 |     101 |       9 |   8.2 |      26 |       5 |  16.1
        D:4 |     437 |     219 |  33.4 |      28 |       2 |   6.7
        D:5 |     627 |       0 |   0.0 |      25 |       0 |   0.0
        D:6 |     312 |     354 |  53.2 |      12 |       5 |  29.4
        D:7 |     423 |     294 |  41.0 |      15 |       3 |  16.7
        D:8 |     724 |     779 |  51.8 |       9 |      12 |  57.1
        D:9 |    2368 |       0 |   0.0 |      22 |       0 |   0.0
       D:10 |    3134 |       0 |   0.0 |      37 |       0 |   0.0
       D:11 |    5319 |    3317 |  38.4 |      32 |      23 |  41.8
       D:12 |    2578 |    2005 |  43.7 |      22 |       6 |  21.4
       D:13 |    2992 |       0 |   0.0 |      26 |       0 |   0.0
       D:14 |    8552 |    8274 |  49.2 |      28 |      25 |  47.2
       D:15 |   13311 |    7908 |  37.3 |      31 |       7 |  18.4
     Lair:1 |    3215 |    1550 |  32.5 |      18 |       7 |  28.0
     Lair:2 |    3916 |    1778 |  31.2 |      15 |       6 |  28.6
     Lair:3 |     799 |       0 |   0.0 |       5 |       0 |   0.0
     Lair:4 |    4807 |    2924 |  37.8 |      16 |       7 |  30.4
     Lair:5 |   12242 |    1429 |  10.5 |      24 |       3 |  11.1
     Lair:6 |   10081 |   13641 |  57.5 |      30 |      36 |  54.5
   Spider:1 |   10006 |    2276 |  18.5 |      31 |      24 |  43.6
   Spider:2 |    4747 |       0 |   0.0 |      18 |       0 |   0.0
      Orc:1 |    4220 |       0 |   0.0 |      32 |       0 |   0.0
      Orc:2 |    3492 |    6572 |  65.3 |      29 |      67 |  69.8
   Gauntlet |       0 |    2806 | 100.0 |       0 |      14 | 100.0
            +---------+---------+-------+---------+---------+-------
